 Dungeon Crawl Stone Soup version 0.23-a0-207-g93a313e (webtiles) character file.

80 Gildeon the Conjurer (level 4, -2/24 HPs)
             Began as a Deep Elf Conjurer on Sept 23, 2018.
             Slain by a centaur (4 damage)
             ... on level 3 of the Dungeon on Sept 24, 2018.
             The game lasted 00:10:51 (1324 turns).

Gildeon the Conjurer (Deep Elf Conjurer)            Turns: 1324, Time: 00:10:52

Health: -2/24      AC:  3    Str:  5    XL:     4   Next: 18%
Magic:  0/12       EV: 14    Int: 21    God:
Gold:   166        SH:  0    Dex: 15    Spells: 1/11 levels left

rFire    . . .     SeeInvis .   i - +0 dagger
rCold    . . .     Gourm    .   (no shield)
rNeg     . . .     Faith    .   a - +0 robe
rPois    .         Spirit   .   (no helmet)
rElec    .         Reflect  .   (no cloak)
rCorr    .         Harm     .   (no gloves)
MR       .....                  h - +0 pair of boots
Stlth    ++........             (no amulet)
HPRegen  0.08/turn              (no ring)
MPRegen  0.13/turn              (no ring)

@: no status effects
A: no striking features
a: no special abilities


You were on level 3 of the Dungeon.
You were not hungry.

You visited 1 branch of the dungeon, and saw 3 of its levels.

You collected 166 gold pieces.

Inventory:

Hand Weapons
 i - a +0 dagger (weapon)
Armour
 a - a +0 robe (worn)
 h - a +0 pair of boots (worn)
Scrolls
 k - a scroll of remove curse
Potions
 b - a potion of degeneration {unknown}
 e - a potion of agility
 f - a potion of ambrosia
 j - a potion of lignification
Comestibles
 c - 4 rations


   Skills:
 + Level 3.4 Dodging
 + Level 3.6 Stealth
 + Level 4.0 Spellcasting
 + Level 4.9 Conjurations


You had one spell level left.
You knew the following spells:

 Your Spells              Type           Power        Failure   Level  Hunger
a - Magic Dart            Conj           ###.         1%          1    None
b - Searing Ray           Conj           ###...       2%          2    #......
c - Dazzling Spray        Conj/Hex       ##....       13%         3    ###....
d - Iskenderun's Mystic   Conj           ###.....     16%         4    ####...

Your spell library contained the following spells:

 Spells                   Type           Power        Failure   Level  Hunger
 Force Lance              Conj/Tloc      ##......     41%         4    ####...
 Fulminant Prism          Conj/Hex       ##........   41%         4    ####...


Dungeon Overview and Level Annotations

Branches:
Dungeon (3/15)

Altars:


Message History

You closely miss the centaur.
The centaur is severely wounded.
The bat closely misses you. x2; The centaur misses you.
All of the chunks of flesh in your inventory have rotted away.
You barely miss the centaur.
The centaur is severely wounded.
The bat misses you. The centaur hits you.
* * * LOW HITPOINT WARNING * * *
The centaur barely misses you.
You hit the centaur but do no damage.
The centaur is severely wounded.
The bat misses you. The centaur misses you.
You hit the centaur but do no damage.
The centaur is severely wounded.
The bat closely misses you. The centaur barely misses you.
The centaur hits you but does no damage.
You hit the centaur.
The centaur is almost dead.
The bat misses you. The centaur hits you.
You die...

#......<.# ##.......# >
##+## #.......#
#.##...## #.......#
###.#.....## ####.####
..........## ##..#
#.........####...######
+....c)...+............
#....b@..(####...######
##.(.....## ##..######
##.....## #.......#
##...## #..####.# ##'##
#..# #.# #.# #..####(#
#.# #....##.# ######.##
#.##.##.# .........##
#.......#


You could see a centaur and a bat.

Vanquished Creatures
  An iguana (D:3)
  2 adders (D:2)
  2 dart slugs
  5 bats
  2 giant cockroaches
  4 hobgoblins
  2 jackals (D:1)
  4 kobolds
  3 frilled lizards
  3 goblins
  4 rats
32 creatures vanquished.

Notes
Turn   | Place    | Note
-------+----------+-------------------------------------------
     0 | D:1      | Gildeon the Deep Elf Conjurer began the quest for the Orb.
     0 | D:1      | Reached XP level 1. HP: 10/10 MP: 6/6
   266 | D:1      | Reached XP level 2. HP: 13/15 MP: 6/8
   274 | D:1      | Learned a level 2 spell: Searing Ray
   358 | D:1      | Upgraded the game from 0.23-a0-183-gf37f6fb to
                  | 0.23-a0-207-g93a313e
   838 | D:2      | Reached XP level 3. HP: 14/19 MP: 3/10
   843 | D:2      | Learned a level 3 spell: Dazzling Spray
  1216 | D:3      | Reached XP level 4. HP: 24/24 MP: 10/12
  1228 | D:3      | Learned a level 4 spell: Iskenderun's Mystic Blast
  1303 | D:3      | Noticed a centaur
  1324 | D:3      | Slain by a centaur

Vault maps used:
D:1:      minmay_arrival_three_doors
D:2:      first_ration

Skill      XL: |  1  2  3 |
---------------+----------+-----
Stealth        | 3 |  3.6
Dodging        | 3 |  3.4
Spellcasting   | 4 |  4.0
Conjurations   | |  4.9

Action                   |  1- 3 |  4- 6 || total
-------------------------+-------+-------++-------
Melee: Mace              |     2 |       ||     2
       Dagger            |     3 |    15 ||    18
 Cast: Magic Dart        |    52 |    15 ||    67
  Use: Scroll            |     7 |     1 ||     8
 Stab: Sleeping          |     4 |     1 ||     5
  Eat: Chunk             |     1 |       ||     1
Armor: Robe              |     2 |    12 ||    14
Dodge: Dodged            |    11 |    30 ||    41

Table legend:
 A = Non-vault XP
 B = Vault XP
 C = Vault XP percentage of total XP
 D = Non-vault monster count
 E = Vault monster count
 F = Vault count percentage of total count
                 A         B        C        D         E       F
            +---------+---------+-------+---------+---------+-------
      Total |     115 |       0 |   0.0 |      32 |       0 |   0.0
            +---------+---------+-------+---------+---------+-------
        D:1 |      22 |       0 |   0.0 |      12 |       0 |   0.0
        D:2 |      54 |       0 |   0.0 |      16 |       0 |   0.0
        D:3 |      39 |       0 |   0.0 |       4 |       0 |   0.0
            +---------+---------+-------+---------+---------+-------
